 Dungeon Crawl Stone Soup version 0.29.1-2-gbd0b4ee654 (webtiles) character file.

Game seed: 13944455267146260811

315 MrSixtyFour the Caller (level 6, -11/32 HPs)
             Began as a Kobold Summoner on Nov 25, 2022.
             Mangled by an iguana (14 damage)
             ... on level 4 of the Dungeon.
             The game lasted 00:17:35 (4277 turns).

MrSixtyFour the Caller (Kobold Summoner)            Turns: 4277, Time: 00:17:35

Health: -11/32     AC:  3    Str:  5    XL:     6   Next: 72%
Magic:  4/13       EV: 19    Int: 19    God:
Gold:   140        SH:  0    Dex: 15    Spells: 10/14 levels left

rFire   . . .      SeeInvis +   m - staff of death
rCold   . . .      Faith    .   (shield currently unavailable)
rNeg    + . .      Spirit   .   a - +0 robe
rPois   .          Reflect  .   (no helmet)
rElec   .          Harm     .   (no cloak)
rCorr   .          Rampage  .   (no gloves)
Will    .....                   e - +0 pair of boots
Stlth   +++.......              (no amulet)
HPRegen 0.10/turn               k - +4 ring of evasion
MPRegen 0.13/turn               o - ring of see invisible

@: no status effects
A: small, no large weapons, nightstalker 3
a: no special abilities


You were on level 4 of the Dungeon.
You visited 1 branch of the dungeon, and saw 4 of its levels.

You collected 140 gold pieces.

Inventory:

Armour
 a - a +0 robe (worn)
 e - a +0 pair of boots (worn)
 j - an orb of mayhem
Magical Staves
 m - a staff of death (weapon)
 q - a staff of earth
Jewellery
 k - a +4 ring of evasion (left hand)
 o - a ring of see invisible (right hand)
Wands
 l - a wand of flame (12)
Scrolls
 c - a scroll of poison
 n - a scroll of teleportation
Potions
 b - 2 potions of magic
 d - 2 potions of attraction {unknown}
 g - a potion of curing {unknown}
 h - a potion of invisibility {unknown}
 i - a potion of flight {unknown}
 p - a potion of cancellation {unknown}
 r - a potion of heal wounds {unknown}
 s - a potion of degeneration {unknown}
Miscellaneous
 t - a box of beasts


   Skills:
 + Level 2.7 Dodging
 + Level 3.2 Stealth
 + Level 4.7 Spellcasting
 + Level 5.5 Summonings
 * Level 2.0 Evocations


You had 10 spell levels left.
You knew the following spells:

 Your Spells              Type           Power      Damage    Failure   Level
a - Summon Small Mammal   Summ           100%       N/A       1%          1
b - Call Canine Familiar  Summ           25%        N/A       3%          3

Your spell library contained the following spells:

 Spells                   Type           Power      Damage    Failure   Level
 Call Imp                 Summ           25%        N/A       1%          2
 Summon Guardian Golem    Hex/Summ       15%        N/A       12%         3
 Summon Lightning Spire   Summ/Air       15%        N/A       38%         4


Dungeon Overview and Level Annotations

Branches:
Dungeon (4/15)
 Temple: D:4-7

Altars:

Annotations:
D:4 1 transporter


Innate Abilities, Weirdness & Mutations

You are small and have problems with some larger weapons.
You are completely attuned to the shadows.


Message History

Confirm with . or Enter, or press ? or * to list all spells.
The orc wizard casts a spell at you.
You are confused.
The iguana misses you.
Your quokka closely misses the iguana.
You hear a shout!
Are you sure you want to stumble around while confused and next to your quokka?
Uppercase [Y]es or [N]o only, please.
Are you sure you want to stumble around while confused and next to your quokka?
Your hound bites the iguana.
The orc closely misses your quokka.
Are you sure you want to stumble around while confused and next to your quokka?
The iguana closely misses you.
Your quokka completely misses the iguana.
Your hound bites the iguana but does no damage.
Your quokka bites the iguana.
Your hound closely misses the iguana.
An orc comes into view. It is wielding a +0 dagger.
The iguana misses you. The orc misses your quokka.
Are you sure you want to stumble around while confused and next to your quokka?
Your hound misses the iguana.
Your quokka closely misses the iguana.
The orc misses your quokka. The iguana attacks as you move away!
The iguana barely misses you.
Found a stone staircase leading up.
You feel less confused.
Your quokka bites the iguana but does no damage.
Your hound barely misses the iguana.
Found a hand axe.
The orc hits your quokka with a +0 hand axe.
Your quokka dies!
Your quokka's corpse disappears in a puff of smoke!
Found 5 javelins.
Your hound bites the iguana.
The orc hits your hound with a +0 dagger.
Found a transporter.
Your hound bites the iguana but does no damage.
The iguana completely misses you. The iguana attacks as you move away!
The iguana bites you!
* * * LOW HITPOINT WARNING * * *
Your hound closely misses the iguana.
Your hound barely misses the iguana.
The iguana bites you but does no damage.
The iguana attacks as you move away! The iguana bites you!
You die...

$h..[..........#.
..#..............
$....#.#...§.....
.....###.........
$..#.#
#........##
...#.#
##........#
....<#
##.ooh...##
###..#
.....l#.... #...
....#.@<#
...#.....#.).#
..............(.
.©.........
######...


You could see an iguana (ally target), an orc wizard, an orc and a friendly
hound (summoned).

Vanquished Creatures (collateral kills)
  Menkaure (D:4)
  Jessica (D:2)
  6 adders
  4 gnolls (D:3)
  3 dart slugs
  An orc (D:3)
  2 ball pythons
  5 endoplasms
  3 giant cockroaches
  10 hobgoblins
  3 quokkas
  4 bats
  2 frilled lizards
  14 goblins
  7 kobolds
  5 rats
71 creatures vanquished.

Vanquished Creatures (others)
  4 fungi (D:2)
  2 plants (D:2)
6 creatures vanquished.

Grand Total: 77 creatures vanquished

Notes
Turn   | Place    | Note
-------+----------+-------------------------------------------
     0 | D:1      | MrSixtyFour the Kobold Summoner began the quest for the
                  | Orb.
     0 | D:1      | Reached XP level 1. HP: 10/10 MP: 3/3
   363 | D:1      | Reached XP level 2. HP: 11/15 MP: 1/5
   926 | D:1      | Reached XP level 3. HP: 19/19 MP: 3/6
   979 | D:1      | Learned a level 3 spell: Call Canine Familiar
  2108 | D:2      | Reached XP level 4. HP: 14/24 MP: 1/8
  2326 | D:2      | Noticed Jessica
  2336 | D:2      | Killed Jessica
  2672 | D:2      | Reached XP level 5. HP: 28/28 MP: 5/10
  2828 | D:2      | Found a faded altar of an unknown god.
  2986 | D:3      | Reached skill level 5 in Summonings
  3092 | D:3      | Identified the +0 scale mail "Uzelef" {Rampage rN+}
  3751 | D:3      | Reached skill level 1 in Evocations
  3907 | D:3      | Reached XP level 6. HP: 30/32 MP: 12/12
  4208 | D:4      | Noticed Menkaure
  4244 | D:4      | Killed Menkaure
  4273 | D:4      | Found a transporter.
  4277 | D:4      | Mangled by an iguana

Illustrated notes

Levels and vault maps discovered:
D:1:      lightli_arrival_chessboard, layout_basic, grunt_decor_fettered,
          roderic_serpentine_path
D:2:      layout_loops_cross, shapermc_ecumenical_altar_ellora, uniq_jessica
D:3:      layout_basic, minmay_checkerbox
D:4:      layout_cave_pools, grunt_gozag_breadcrumbs, gammafunk_ghost_mausoleum,
          corexii_shack, grunt_decor_clamped, uniq_menkaure

Skill      XL: |  1  2  3  4  5  6 |
---------------+-------------------+-----
Spellcasting   | 3 4 |  4.7
Stealth        | 3 |  3.2
Summonings     | 5 |  5.5
Evocations     | 1 2 |  2.0
Dodging        | |  2.7

Action                   |  1- 3 |  4- 6 || total
-------------------------+-------+-------++-------
Melee: Unarmed           |     3 |       ||     3
       Staff             |       |     4 ||     4
 Cast: Summon Small Mamm |    55 |    38 ||    93
       Call Canine Famil |    10 |    16 ||    26
  Use: Scroll            |       |     2 ||     2
Armor: Robe              |     7 |     1 ||     8
Dodge: Dodged            |    31 |    26 ||    57
